 Dungeon Crawl Stone Soup version 0.29-a0-371-g91724d5b39 (webtiles) character file.

Game seed: 624913385015369489

2 Bruhh the Magician (level 1, 13/15 HPs)
             Began as a Djinni Earth Elementalist on May 3, 2022.
             Was a High Priest of Ignis.
             Quit the game on level 1 of the Dungeon.
             The game lasted 00:01:14 (41 turns).

Bruhh the Magician (Djinni Earth Elementalist)        Turns: 41, Time: 00:01:15

Health: 13/15      AC:  2    Str:  7    XL:     1   Next: 33%
Gold:   0          EV: 12    Int: 16    God:    Ignis [*****.] SH:  0 Dex: 13

rFire   + + +      SeeInvis .   (no weapon)
rCold   x . .      Faith    .   (no shield)
rNeg    . . .      Spirit   .   b - +0 robe
rPois   ∞          Reflect  .   (no helmet)
rElec   .          Harm     .   (no cloak)
rCorr   .          Rampage  .   (no gloves)
Will    .....                   (boots unavailable)
Stlth   ++........              (no amulet)
HPRegen 0.05/turn               (no ring)
MPRegen 0.00/turn               (no ring)

@: flying
A: sickness immunity, fire resistance 2, cold vulnerability 1, float, innate
caster, HP casting, extra vitality 1
a: Renounce Religion, Fiery Armour, Foxfire Swarm, Rising Flame


You were on level 1 of the Dungeon.
You worshipped Ignis.
Ignis was extremely pleased with you.
You visited 1 branch of the dungeon, and saw 1 of its levels.

Inventory:

Missiles
 a - 27 stones
Armour
 b - a +0 robe (worn)


   Skills:
 + Level 2.2 Dodging
 + Level 1.6 Stealth
 + Level 2.4 Spellcasting


You couldn't memorise any spells.
You knew the following spells:

 Your Spells              Type           Power      Damage    Failure   Level
a - Sandblast             Erth           18%        2d7       8%          1
b - Passwall              Tmut/Erth      7%         N/A       11%         2
c - Stone Arrow           Conj/Erth      18%        3d8       22%         3
d - Petrify               Tmut/Erth      9%         N/A       58%         4
Your spell library was empty.

Dungeon Overview and Level Annotations

Branches:
Dungeon (1/15)

Altars:
Ignis


Innate Abilities, Weirdness & Mutations

You are immune to sickness and miasma.
You are immune to poison.
Your flesh is very heat resistant. (rF++)
You are vulnerable to cold. (rC-)
You float through the air rather than walking.
You learn spells naturally, not from books.
Your magical power is your life essence.
You have superior vitality. (+4 MHP)


Message History

Welcome, Bruhh the Djinni Earth Elementalist.
Everyone else who sought the Orb of Zot has failed.
Will you be different?
Press ? for a list of commands and other information.
Found a staircase leading out of the dungeon.
You begin with the following spells memorised: Sandblast, Passwall, Stone Arrow, Petrify.
You reach down and open the door.
Found a robe.
There is an open door here.
You reach down and open the door.
There is an open door here.
There is an open door here.
There is a fountain of clear blue water here.
Found a faded altar of an unknown god.
Found a stone staircase leading down.
A goblin and a rat come into view.
There are monsters nearby!
There are monsters nearby!
The blast of sand misses the rat.
The blast of sand hits the rat!
You kill the rat!
The goblin shouts!
The blast of sand hits the goblin!
You kill the goblin!
There is a faded altar of an unknown god here.
You cannot tell which god this altar belongs to.
Convert to them anyway?
Ignis accepts your prayer! Ignis welcomes you!
Are you sure you want to abandon this character and quit the game? (Confirm with "yes".)

. .... ##.#
..... ##.#.#
..... ..#..
... .⌠..#
#..###..⌠.#
#.#8#∩#...#
#...#@#
#.⌠..##
########..⌠.8#
#.......#...##
#.######.###)#
##.## ##.# ...
#...# ># .##.#
####...##### #
.# #
.....⌠.##..#
.#


There were no monsters in sight!

Vanquished Creatures
  A goblin (D:1)
  A rat (D:1)
2 creatures vanquished.

Notes
Turn   | Place    | Note
-------+----------+-------------------------------------------
     0 | D:1      | Bruhh the Djinni Earth Elementalist began the quest for the
                  | Orb.
     0 | D:1      | Reached XP level 1. HP: 15/15 MP: 0/0
    26 | D:1      | Found a faded altar of an unknown god.
    40 | D:1      | Prayed at the altar of an unknown god.
    40 | D:1      | Became a worshipper of Ignis, the Dying Flame
    41 | D:1      | Quit the game

Illustrated notes

Levels and vault maps discovered:
D:1:      dpeg_arrival_rooms_a, layout_basic, shapermc_ecumenical_altar_venn,
          corexii_item_surrounded_by_moat

Action                   || total
-------------------------++-------
 Cast: Sandblast         ||     3

Table legend: (Time is in decaauts)
 A = Elapsed time spent in this place.
 B = Non-inter-level travel time spent in this place.
 C = Inter-level travel time spent in this place.
 D = Time resting spent in this place.
 E = Time spent auto-exploring this place.
 F = Levels seen in this place.
 G = Mean time per level.
                   A        B        C        D        E       F      G
               +--------+--------+--------+--------+--------+-----+--------+
         Total |     41 |     41 |      0 |      0 |     26 |   1 |   41.0 |
       Dungeon |     41 |     41 |      0 |      0 |     26 |   1 |   41.0 |
               +--------+--------+--------+--------+--------+-----+--------+

Top non-repeatable levels by time:
     D:1: 41 daAuts
